 Dungeon Crawl Stone Soup version 0.22-a0-580-gd5db89c (webtiles) character file.

83 iamserjio the Chopper (level 4, -3/31 HPs)
             Began as a Halfling Berserker on July 3, 2018.
             Was a Believer of Trog.
             Slain by Natasha (9 damage)
             ... on level 2 of the Dungeon.
             The game lasted 00:03:10 (382 turns).

iamserjio the Chopper (Halfling Berserker)           Turns: 382, Time: 00:03:10

Health: -3/31      AC:  4    Str: 19    XL:     4   Next: 71%
Magic:  4/4        EV: 15    Int:  5    God:    Trog [**....]
Gold:   27         SH:  0    Dex: 13    Spells: 3/3 levels left

rFire    . . .     SeeInvis .   a - +0 hand axe
rCold    . . .     Gourm    .   (shield restricted)
rNeg     . . .     Faith    .   d - +2 robe {Archmagi}
rPois    .         Spirit   .   (no helmet)
rElec    .         Reflect  .   (no cloak)
rCorr    .         Harm     .   (no gloves)
MR       ++...                  (no boots)
Stlth    +.........             (no amulet)
HPRegen  1.10/turn              (no ring)
MPRegen  0.09/turn              (no ring)

@: berserk cooldown, regenerating, slowed, very slow
A: small, mutation resistance 1
a: Berserk, Trog's Hand, Renounce Religion


You were on level 2 of the Dungeon.
You worshipped Trog.
Trog was pleased with you.
You were very hungry.

You visited 1 branch of the dungeon, and saw 2 of its levels.

You collected 27 gold pieces.

Inventory:

Hand Weapons
 a - a +0 hand axe (weapon)
Armour
 b - a +0 animal skin
 d - a +2 robe of the Archmagi (worn)
 i - a +0 robe of cold resistance
Scrolls
 g - a scroll of enchant weapon {unknown}
 h - a scroll of teleportation {unknown}
 j - a scroll of remove curse {unknown}
Potions
 e - a potion of cancellation {unknown}
Comestibles
 c - 2 rations
 f - 5 chunks of flesh


   Skills:
 + Level 3.1 Fighting
 * Level 3.9 Axes
 + Level 2.9 Armour
 + Level 3.0 Dodging


You had 3 spell levels left.
You didn't know any spells.
Your spell library was empty.

Dungeon Overview and Level Annotations

Branches:
Dungeon (2/15)

Altars:

Annotations:
D:2 Natasha, Robin


Innate Abilities, Weirdness & Mutations

You are small and have problems with some larger weapons.
You are somewhat resistant to further mutation.


Message History

The hobgoblin hits you.
* * * LOW HITPOINT WARNING * * *
Things that are here:
a club; a goblin corpse The hobgoblin hits you.
* * * LOW HITPOINT WARNING * * *
The hobgoblin misses you.
Robin roars a battlecry!
The hobgoblin goes into a battle-frenzy!
The hobgoblin closely misses you.
You barely miss the hobgoblin. You hit Robin but do no damage.
Robin hits you but does no damage. The hobgoblin misses you.
Robin completely misses you.
Your skin crawls.
You feel resistant to hostile enchantments.
You are feeling very hungry.
The hobgoblin hits you.
* * * LOW HITPOINT WARNING * * *
Robin misses you. The hobgoblin closely misses you. Natasha claws you!
You die...

######## .......#
######.########
..........†.).###
#.#......##.)...#####
#.#.#..#.##.....#...
#.#.#.........)g#h#.#.##
# .....#)##.....@g......
####.#.#)##.##..#.#...#.
.........##.##..#.# .#
##.#..<####.##..#.#
##.#..## #. #..#.#
.......# #..#.. .......#
#..... .......#
#.##..#.# .......#
#.##..#


You could see Robin, Natasha and a hobgoblin.

Vanquished Creatures
  Jessica (D:2)
  An adder (D:2)
  An ooze (D:2)
  A worm (D:2)
  3 giant cockroaches
  11 goblins
  8 hobgoblins
  2 jackals (D:2)
  3 frilled lizards
  3 kobolds (D:1)
  4 rats
38 creatures vanquished.

Notes
Turn   | Place    | Note
-------+----------+-------------------------------------------
     0 | D:1      | iamserjio the Halfling Berserker began the quest for the Orb.
     0 | D:1      | Reached XP level 1. HP: 15/15 MP: 1/1
     8 | D:2      | Noticed Jessica
    12 | D:2      | Killed Jessica
    12 | D:2      | Reached XP level 2. HP: 20/20 MP: 2/2
    12 | D:2      | Reached XP level 3. HP: 25/25 MP: 3/3
    30 | D:2      | Noticed Robin
    47 | D:2      | HP: 1/26 [hobgoblin/club[Robin] (3)]
    49 | D:2      | Noticed Natasha
   159 | D:1      | Reached ** piety under Trog
   159 | D:1      | Reached XP level 4. HP: 6/31 MP: 4/4
   382 | D:2      | Slain by Natasha

Vault maps used:
D:1:      dpeg_arrival_simpleton_b
D:2:      uniq_robin, uniq_jessica, uniq_natasha

Skill      XL: |  1  2  3  4 |
---------------+-------------+-----
Fighting       | 3 |  3.1
Dodging        | 3 |  3.0
Axes           | |  3.9
Armour         | |  2.9

Action                   |  1- 3 |  4- 6 || total
-------------------------+-------+-------++-------
Melee: Hand axe          |    54 |    44 ||    98
Invok: Berserk           |     2 |     2 ||     4
       Trog's Hand       |       |     2 ||     2
  Eat: Chunk             |       |     2 ||     2
Armor: Robe              |     7 |     4 ||    11
       Animal skin       |     3 |       ||     3
Dodge: Dodged            |    54 |    38 ||    92

Table legend:
 A = Spawn XP
 B = Non-spawn XP
 C = Spawn XP percentage of total XP
 D = Spawn monster count
 E = Non-spawn monster count
 F = Spawn count percentage of total count
 G = Total turns spent on level
                    A         B        C        D         E        F      G
               +---------+---------+-------+---------+---------+-------+---------
         Total |       0 |     119 |   0.0 |       0 |      38 |   0.0 |   382
               +---------+---------+-------+---------+---------+-------+---------
           D:1 |       0 |      22 |   0.0 |       0 |      14 |   0.0 |   131
           D:2 |       0 |      97 |   0.0 |       0 |      24 |   0.0 |   251
               +---------+---------+-------+---------+---------+-------+---------
